AoeStats
← -J&R- bandit

Fortress

507310722Analyzed
4v4 RM · 14d ago on Sep 17, 2026· 36m 10s· 8 players
Game mode
Random Map
Map size
Huge
Population
200
Speed
Normal
Resources
Standard
Victory
Conquest
Starting age
Dark Age
Ending age
Imperial Age
RankedLock teamsTeams togetherTeam positionsShared explorationLock speedFull tech treeHidden civsTurbo modeCheats
Victory
Defeat
🇳🇱 Franks · Netherlands
1068
+14
🇳🇱 Persians · Netherlands
1058
+15
🇮🇳 Sicilians · India
1044
+15
🇨🇿 Celts · Czechia
984
+18
🇺🇸 Persians · United States
1055
-17
🇨🇴 Bohemians · Colombia
1053
-17
🇲🇽 Burgundians · Mexico
1017
-15
🇦🇹 Vietnamese · Austria
974
-13
[ Wildpigs ] RonRon
2:15 Double-Bit Axe
3:17 Horse Collar
8:15 Feudal Age
12:06 Castle Age
11:12 Heavy Plow
11:45 Bow Saw
13:34 Wheelbarrow
14:36 Crop Rotation
16:16 Two-Man Saw
15:38 Loom
16:08 Hand Cart
22:25 Light Cavalry
23:06 Husbandry
23:12 Scale Barding Armor
23:18 Forging
27:42 Imperial Age
25:53 Chain Barding Armor
25:44 Forging
25:45 Squires
25:31 Arson
27:07 Forging
30:56 Elite Coustillier
32:59 Iron Casting
33:00 Plate Barding Armor
32:16 Fletching
36:32 Blast Furnace
35:35 Scale Mail Armor
Arthedain
9:37 Feudal Age
14:31 Castle Age
12:23 Double-Bit Axe
12:20 Horse Collar
14:18 Loom
16:55 Forging
18:28 Bow Saw
22:09 Imperial Age
19:43 Pikeman
20:31 Scale Mail Armor
20:36 Squires
22:16 Chemistry
22:14 Masonry
23:45 Chain Mail Armor
28:06 Iron Casting
34:29 Halberdier
36:08 Fletching
max-on-war
8:54 Feudal Age
12:13 Wheelbarrow
14:09 Castle Age
13:10 Double-Bit Axe
13:10 Horse Collar
13:59 Gold Mining
16:16 Bow Saw
16:46 Heavy Plow
17:44 Wheelbarrow
18:33 Fletching
21:55 Hand Cart
24:28 Forging
24:13 Bodkin Arrow
24:22 Pikeman
28:31 Imperial Age
27:03 Forging
26:56 Scale Mail Armor
27:17 Thumb Ring
27:29 Caravan
28:12 Padded Archer Armor
28:42 Chain Mail Armor
29:03 Iron Casting
29:02 Stone Mining
29:57 Ballistics
29:01 Elite Rattan Archer
29:53 Bracer
34:12 Chemistry
36:25 Scale Barding Armor
36:56 Iron Casting
osubuckeyes022
0:29 Loom
9:00 Feudal Age
10:46 Double-Bit Axe
11:48 Horse Collar
16:28 Castle Age
14:20 Gold Mining
15:27 Forging
15:18 Scale Mail Armor
15:36 Scale Barding Armor
16:26 Bloodlines
21:18 Wheelbarrow
22:10 Heavy Plow
22:54 Bow Saw
25:02 Iron Casting
25:55 Chain Mail Armor
25:04 Light Cavalry
25:59 Elite Skirmisher
27:50 Chain Barding Armor
28:23 Hand Cart
28:30 Husbandry
32:43 Imperial Age
Serthirius
7:30 Feudal Age
11:50 Castle Age
10:04 Double-Bit Axe
11:33 Gold Mining
12:47 Loom
14:44 Bow Saw
19:26 Wheelbarrow
19:43 Stone Mining
22:41 Hand Cart
26:49 Imperial Age
24:35 Forging
27:09 Iron Casting
26:40 Scale Barding Armor
26:38 Husbandry
26:53 Cavalier
27:43 Town Watch
29:01 Blast Furnace
28:59 Paladin
31:10 Chain Barding Armor
32:55 Plate Barding Armor
34:59 Fletching
-J&R- bandit
7:49 Feudal Age
11:49 Castle Age
11:32 Double-Bit Axe
11:28 Horse Collar
12:32 Loom
13:22 Scale Barding Armor
13:16 Gold Mining
15:11 Bow Saw
19:34 Wheelbarrow
19:04 Town Watch
20:57 Gold Shaft Mining
20:57 Bloodlines
20:47 Husbandry
23:13 Hand Cart
24:15 Stone Mining
28:05 Imperial Age
26:02 Forging
26:31 Chain Barding Armor
26:36 Masonry
26:54 Heavy Plow
28:47 Conscription
29:15 Plate Barding Armor
28:27 Cavalier
31:24 Iron Casting
30:40 Fletching
30:26 Capped Ram
31:42 Savar
Vencaas
8:06 Feudal Age
8:49 Horse Collar
8:57 Double-Bit Axe
9:05 Gold Mining
10:31 Loom
16:39 Castle Age
14:58 Arson
18:22 Bow Saw
18:15 Heavy Plow
18:51 Scale Mail Armor
19:34 Gold Shaft Mining
21:59 Fortified Wall
22:02 Forging
22:33 Gambesons
27:48 Iron Casting
28:59 Chain Mail Armor
30:42 Murder Holes
30:43 Fletching
divyam_10
8:44 Feudal Age
7:54 Loom
13:46 Castle Age
13:27 Double-Bit Axe
13:25 Horse Collar
14:55 Bow Saw
14:48 Heavy Plow
16:34 Wheelbarrow
15:45 Town Watch
19:03 Gold Mining
19:08 Stone Mining
20:56 Forging
20:47 Scale Mail Armor
22:09 Fletching
27:26 Imperial Age
25:43 Gambesons
25:58 Squires
25:45 Arson
27:14 Chain Mail Armor
27:34 Iron Casting
27:08 Pikeman
29:12 Plate Mail Armor
29:03 Elite Serjeant
30:05 Conscription
32:17 Blast Furnace
33:50 Murder Holes
34:05 Masonry
Connection lost

Rejoining the realm…

Still unreachable

The connection could not be restored.

Session expired

The server has moved on; the page needs a fresh start.